 Seeded DCSS version 0.29-a0-284-gf9362112df (webtiles) character file.

Game seed: 16843268196263206613 (custom seed)

49 gzilladon the Chopper (level 3, 0/33 HPs)
             Began as a Hill Orc Monk on Mar 31, 2022.
             Killed from afar by an orc wizard (1 damage)
             ... with a magic dart
             ... on level 3 of the Dungeon.
             The game lasted 00:06:08 (2370 turns).

gzilladon the Chopper (Hill Orc Monk)               Turns: 2370, Time: 00:06:10

Health: 0/33       AC:  9    Str: 15    XL:     3   Next: 77%
Magic:  12/12      EV:  7    Int: 10    God:
Gold:   29         SH:  0    Dex: 13    Spells: 2/2 levels left

rFire   . . .      SeeInvis .   a - +0 hand axe
rCold   . . .      Faith    .   (no shield)
rNeg    . . .      Spirit   .   d - +0 chain mail
rPois   .          Reflect  .   (no helmet)
rElec   .          Harm     .   (no cloak)
rCorr   .          Rampage  .   (no gloves)
Will    .....                   l - +0 pair of boots
Stlth   ..........              (no amulet)
HPRegen 0.11/turn               h - ring of magical power
MPRegen 0.13/turn               (no ring)

@: no status effects
A: no striking features
a: no special abilities


You were on level 3 of the Dungeon.
You visited 1 branch of the dungeon, and saw 3 of its levels.

You collected 29 gold pieces.

Inventory:

Hand Weapons
 a - a +0 hand axe (weapon)
Missiles
 g - 41 stones (quivered)
Armour
 b - a +0 robe
 d - a +0 chain mail (worn)
 l - a +0 pair of boots (worn)
Magical Staves
 f - a staff of earth
Jewellery
 h - a ring of magical power (left hand)
Scrolls
 i - a scroll of identify {unknown}
 k - a scroll of noise {unknown}
 n - a scroll of fear {unknown}
Potions
 e - a potion of lignification {unknown}
 j - a potion of resistance {unknown}
 m - a potion of flight {unknown}


   Skills:
 + Level 4.0 Fighting
 * Level 5.0 Axes
 + Level 1.0 Armour
 + Level 2.9 Dodging
 - Level 1.5 Stealth


You had 2 spell levels left.
You didn't know any spells.
Your spell library was empty.

Dungeon Overview and Level Annotations

Branches:
Dungeon (3/15)

Altars:


Message History

The puff of flame hits you. The orc hits you but does no damage.
You're too confused to aim your attacks!
The orc hits you but does no damage.
You miss the orc wizard.
The orc wizard is moderately wounded.
You hit the orc.
The orc wizard hits you with a +0 dagger of freezing.
The orc wizard freezes you. The orc attacks as you move away!
The orc hits you with a +0 short sword.
The orc wizard attacks as you move away!
The orc wizard hits you with a +0 dagger of freezing.
The orc wizard freezes you. The orc hits you with a +0 hand axe.
You bump into the rock wall.
The orc wizard gestures at you while chanting.
The magic dart hits you.
You bump into the rock wall.
You feel less invigorated.
You feel less confused. The orc barely misses you.
The orc wizard barely misses you. The orc hits you with a +0 short sword.
You barely miss the orc wizard.
The orc wizard is lightly wounded.
You barely miss the orc. You hit the orc. The orc hits you with a +0 hand axe.
The orc wizard hits you but does no damage.
The orc hits you with a +0 short sword.
* * * LOW HITPOINT WARNING * * *
You hit the orc wizard.
The orc wizard is moderately wounded.
You hit the orc.
You kill the orc!
You hit the orc but do no damage. The orc hits you with a +0 hand axe.
* * * LOW HITPOINT WARNING * * *
The orc wizard hits you but does no damage.
You barely miss the orc wizard.
The orc wizard is moderately wounded.
You hit the orc but do no damage. You hit the orc.
The orc hits you with a +0 hand axe.
* * * LOW HITPOINT WARNING * * *
The orc wizard casts a spell at you. The magic dart hits you.
You die...

###############
#........oo.).####
########.#####..@o........
#..............#####......
#.######.####### ###### ..
#.# #<######.# ##.......#
#.######## ..# ..#


You could see an orc wizard and 2 orcs.

Vanquished Creatures
  A worm (D:2)
  A dart slug (D:3)
  2 orcs (D:3)
  6 endoplasms (D:1)
  2 giant cockroaches (D:1)
  3 goblins
  3 hobgoblins
  7 jackals (D:3)
  3 ball pythons
  2 bats (D:1)
  A frilled lizard (D:1)
  4 kobolds
  2 rats (D:1)
37 creatures vanquished.

Notes
Turn   | Place    | Note
-------+----------+-------------------------------------------
     0 | D:1      | gzilladon the Hill Orc Monk began the quest for the Orb.
     0 | D:1      | Reached XP level 1. HP: 19/19 MP: 1/1
   292 | D:1      | Reached XP level 2. HP: 11/27 MP: 2/2
  1465 | D:1      | Reached XP level 3. HP: 20/33 MP: 3/3
  2351 | D:3      | Reached skill level 1 in Armour
  2362 | D:3      | Reached skill level 5 in Axes
  2370 | D:3      | HP: 1/33 [orc/+0 hand axe (4)]
  2370 | D:3      | Killed from afar by an orc wizard

Illustrated notes

Levels and vault maps discovered:
D:1:      heliophobic_arrival_henge, layout_basic, hex_intersection
D:2:      layout_loops_cross, hellmonk_ecumenical_altar_watching_god,
          chequers_serial_rivers_small_b, st_stairs_4, kennysheep_pointless_box
D:3:      layout_loops_ring, ebering_ghost_sewer_d, wad_floor_pattern_2,
          minivault_27, kennysheep_generic_room_8, uniq_sigmund

Skill      XL: |  1  2  3 |
---------------+----------+-----
Armour         | 1 |  1.0
Fighting       | 4 |  4.0
Axes           | 5 |  5.0
Dodging        | |  2.9
Stealth        | |  1.5

Action                   || total
-------------------------++-------
Melee: Hand axe          ||   122
       Punch             ||     2
  Use: Potion            ||     1
Armor: Chain mail        ||    92
       Robe              ||     1
Dodge: Dodged            ||    45

Table legend: (Time is in decaauts)
 A = Elapsed time spent in this place.
 B = Non-inter-level travel time spent in this place.
 C = Inter-level travel time spent in this place.
 D = Time resting spent in this place.
 E = Time spent auto-exploring this place.
 F = Levels seen in this place.
 G = Mean time per level.
                   A        B        C        D        E       F      G
               +--------+--------+--------+--------+--------+-----+--------+
         Total |   2378 |   2170 |    208 |    801 |      0 |   3 |  792.7 |
       Dungeon |   2378 |   2170 |    208 |    801 |      0 |   3 |  792.7 |
               +--------+--------+--------+--------+--------+-----+--------+

Top non-repeatable levels by time:
     D:1: 1734 daAuts
     D:2: 373 daAuts
     D:3: 271 daAuts
